 BcadrenCrawl: Boulder Brew version 0.06-287-g431bdf9e28 (webtiles) character file.

Game seed: 15847547379886360106, levelgen mode: deterministic

67 Ashen the Firebug (level 3, 0/36 HPs) Silent Spectre Fire Elementalist. Began on Oct 25, 2022. Splashed by a jelly's acid (9 damage) ... on level 2 of the Dungeon. The game lasted 00:03:47 (817 turns).

Ashen the Firebug (Silent Spectre Fire Elementalist) Turns: 817, Time: 00:03:49

Health: 0/36       AC:  2    Str:  4    XL:     3 ^: 1
Magic:  13/19      EV: 13    Int: 18    God:
Gold:   39         SH:  0    Dex: 17    Spells: 4/7 levels left

rFire    . . .     Slash    +   (no weapon)
rCold    . . .     Pierce   +   (no weapon)
rNeg     + + +     Bludgeon +   a - +0 robe
rCorr    . . .     Vision   .   (no helmet)
rPois    ∞         Gourm    .   (no cloak)
rElec    .         Faith    .   (no gloves)
MR       .....     Spirit   .   (no boots)
HPRegen  0.22/turn Reflect  .   (no amulet)
MPRegen  0.29/turn Harm     .   c - ring of magical power
Stlth    ++........             (no ring)

@: silenced
A: silence aura 2, negative energy resistance 3, torment resistance,
unbreathing, petrification resistance, silent casting, insubstantial
a: no special abilities


You were on level 2 of the Dungeon.
You were not hungry.

You visited 1 branch of the dungeon, and saw 2 of its levels.

You collected 39 gold pieces.

Inventory:

Armour
 a - a +0 robe (worn)
Jewellery
 c - a ring of magical power (left hand)
Scrolls
 f - a scroll of vulnerability
Potions
 d - a potion of lignification
 e - a potion of ambrosia
 g - a potion of brilliance
 h - a potion of heal wounds
Miscellaneous
 b - an empty bottle


   Skills:
 + Level 0.6 Fighting
 + Level 3.0 Dodging
 + Level 3.0 Stealth
 + Level 2.8 Spellcasting
 + Level 3.8 Fire Magic


You had 4 spell levels left.
You knew the following spells:

 Your Spells              Type           Power        Failure   Level  Hunger
a - Foxfire               Fire           16 (25)      5%          1    N/A
b - Searing Ray           Fire           16 (50)      8%          2    N/A

Your spell library contained the following spells:

 Spells                   Type           Power        Failure   Level  Hunger
 Conjure Flame            Fire           16 (100)     14%         3    N/A
 Inner Flame              Hex/Fire       9 (100)      28%         3    N/A
 Sticky Flame             Fire/Pois      9 (100)      65%         4    N/A
 Fireball                 Fire           16 (200)     73%         5    N/A

Dungeon Overview and Level Annotations

Branches:
Dungeon (2/8)

Altars:


Innate Abilities, Weirdness & Mutations

You are immune to poison.
You are surrounded by an aura of unnatural quiet.
You are immune to negative energy. (rN+++)
You are immune to unholy pain and torment.
You can survive without breathing.
You are immune to petrification.
You can communicate with gods and cast spells while silenced.
Your insubstantial form grants resistance to all physical attack and full immunity to sticky flames, nets and constriction. (rPhysical+)


Message History

The giant blowfly is engulfed in a cloud of scalding steam (2).
The jelly hits you but does no damage.
You hit the jelly (1).
Your hands burn (2).
You hit the jelly but do no damage.
The jelly is severely wounded. (6/16) HP You are engulfed in a cloud of scalding steam (1).
The foxfire hits the cinder newt.
The cinder newt completely resists.
The cinder newt is lightly wounded. (9/11) HP The foxfire hits the cinder newt.
The cinder newt completely resists.
The cinder newt is lightly wounded. (9/11) HP The jelly closely misses you.
The cinder newt bites you (1). You resist. The cinder newt burns you (4).
Casting: Foxfire (safe; 5% risk of failure)
Confirm with . or Enter, or press ? or * to list all spells.
You conjure some foxfire!
You are engulfed in a cloud of scalding steam (10)!
The jelly hits you (2). You resist.
* * * LOW HITPOINT WARNING * * *
You are splashed with acid (9)!
You die...

≈≈≈ .≈ . P. ..
≈P≈≈≈ ≈P≈≈≈≈
#.P....
.#######Jb..≈.≈
≈≈≈.≈≈≈@*≈.≈≈.≈
≈≈≈≈≈≈≈l*≈≈≈≈≈≈
bb≈≈≈≈≈§≈≈PP≈≈≈
≈≈≈≈b≈§≈≈PP≈≈≈≈
P≈≈§.≈≈≈≈PP≈≈≈≈
PP≈≈..≈≈≈PP≈≈≈≈
P≈PPP.≈≈P≈ ≈≈≈
≈.........≈ ≈≈


You could see a jelly and a submerged cinder newt.

Vanquished Creatures
  3 giant cockroaches (D:1)
  An ooze (D:2)
  A dart slug (D:1)
  4 bats (D:1)
  A goblin (D:1)
  4 hobgoblins (D:1)
  2 kobolds (D:1)
  3 rats (D:1)
19 creatures vanquished.

Vanquished Creatures (others)
  84 foxfires
  2 withered plants (D:2)
86 creatures vanquished.

Grand Total: 105 creatures vanquished

Notes
Turn   | Place    | Note
-------+----------+-------------------------------------------
     0 | D:1      | Ashen the Silent Spectre Fire Elementalist began the quest
                  | for the Orb.
     0 | D:1      | Reached XP level 1. HP: 21/21 MP: 6/6
    63 | D:1      | Reached XP level 2. HP: 23/28 MP: 0/8
   341 | D:1      | Reached XP level 3. HP: 36/36 MP: 9/9
   798 | D:2      | Learned a level 2 spell: Searing Ray
   817 | D:2      | Splashed by a jelly's acid

Levels and vault maps discovered:
D:1:      minmay_arrival_open_corners, layout_basic
D:2:      kennysheep_big_flooded_room, layout_sewer, kennysheep_slug_shrine

Skill      XL: |  1  2  3 |
---------------+----------+-----
Dodging        | 3 |  3.0
Stealth        | 3 |  3.0
Fighting       | |  0.6
Spellcasting   | |  2.8
Fire Magic     | |  3.8

Action                   || total
-------------------------++-------
Melee: Unarmed           ||    19
 Cast: Foxfire           ||    50
  Use: Potion            ||     1
Armor: Robe              ||     7
       Skin              ||     1
Dodge: Dodged            ||     6
